 Dungeon Crawl Stone Soup version 0.28.0-45-g0d030f2227 (webtiles) character file.

Game seed: 3122186306266769234

89 zeratav the Insei (level 4, -1/29 HPs)
             Began as an Octopode Transmuter on Apr 7, 2022.
             Slain by Grinder (6 damage)
             ... while paralysed by Grinder
             ... on level 3 of the Dungeon.
             The game lasted 00:03:01 (2337 turns).

zeratav the Insei (Octopode Transmuter)             Turns: 2337, Time: 00:03:01

Health: -1/29      AC:  3    Str:  9    XL:     4   Next: 55%
Magic:  7/7        EV:  2    Int: 15    God:
Gold:   128        SH:  0    Dex: 14    Spells: 6/7 levels left

rFire   . . .      SeeInvis .   g - +1 dagger (drain) {short}
rCold   . . .      Faith    .   (no shield)
rNeg    . . .      Spirit   .   d - +2 hat
rPois   .          Reflect  +   i - amulet of reflection
rElec   .          Harm     .   (no ring)
rCorr   .          Rampage  .   (no ring)
Will    .....                   (no ring)
Stlth   +++.......              (no ring)
HPRegen 0.09/turn               (no ring)
MPRegen 0.10/turn               (no ring)
                                (no ring)
                                (no ring)

@: paralysed
A: almost no armour, amphibious, 8 rings, camouflage 1, gelatinous body 1,
(nimble swimmer 1), tentacles
a: no special abilities


You were on level 3 of the Dungeon.
You visited 1 branch of the dungeon, and saw 3 of its levels.

You collected 128 gold pieces.


Innate Abilities, Weirdness & Mutations

You cannot wear most types of armour.
You are amphibious.
You can wear up to eight rings at the same time.
Your skin changes colour to match your surroundings (Stealth+).
Your rubbery body absorbs attacks. (AC +1, EV +1)
((You are camouflaged when in or above water. (Stealth+)))
You have tentacles for arms and can constrict up to eight enemies at once.


   Skills:
 + Level 1.9 Fighting
 + Level 2.5 Dodging
 + Level 2.0 Stealth
 * Level 3.8 Unarmed Combat
 - Level 2.0 Spellcasting
 + Level 2.6 Transmutations


You had 6 spell levels left.
You knew the following spells:

 Your Spells              Type           Power      Damage    Failure   Level
a - Beastly Appendage     Tmut           18%        N/A       8%          1

Your spell library contained the following spells:

 Spells                   Type           Power      Damage    Failure   Level
 Wereblood                Tmut           9%         N/A       12%         2
 Slow                     Hex            4%         N/A       22%         1
 Summon Small Mammal      Summ           4%         N/A       22%         1
 Spider Form              Tmut/Pois      5%         N/A       36%         3
 Call Canine Familiar     Summ           1%         N/A       54%         3
 Confusing Touch          Hex            1%         N/A       54%         3
 Summon Guardian Golem    Hex/Summ       1%         N/A       54%         3
 Vampiric Draining        Necr           1%         2d6       54%         3
 Ice Form                 Ice/Tmut       5%         N/A       78%         4

Inventory:

Hand Weapons
 a - a +1 dagger of holy wrath {short}
   (You took it off a goblin on level 1 of the Dungeon)
 g - a +1 dagger of draining (weapon) {short}
   (You took it off a goblin on level 2 of the Dungeon)
Armour
 d - a +2 hat (worn)
   (You found it on level 1 of the Dungeon)
Jewellery
 h - an amulet of the acrobat
   (You found it on level 2 of the Dungeon)
 i - an amulet of reflection (around mantle)
   (You found it on level 2 of the Dungeon)
 m - an amulet of guardian spirit
   (You found it on level 3 of the Dungeon)
Scrolls
 b - a scroll of blinking {unknown}
 e - a scroll of enchant armour {unknown}
 f - 3 scrolls of noise {unknown}
 j - a scroll of identify {unknown}
 k - a scroll of silence {unknown}
 n - a scroll of brand weapon {unknown}
Potions
 c - a potion of mutation {unknown}
 l - a potion of magic {unknown}
 o - a potion of heal wounds {unknown}

Dungeon Overview and Level Annotations

Branches:
Dungeon (3/15)

Altars:

Shops:
D:1 ?

Annotations:
D:3 Grinder

#..#.#.#.#.#.###.#### .
.....#.#.#...# #.# ..
.....#.#.#...# #.# ....
.....#.#.#...# #.# .....
.....#.#...#.###)####.....
.....# #...#.#............
.......#.#.#.#.)..........
.....###.#.#....5.........
.....# #.#.#....@.._......
.....# #.#.#..............
#.#.#..............
#.#.#.#............
#.#............
..#............ ##
##..######## ..># ####


You could see Grinder.


Message History

You closely miss the goblin.
The frilled lizard hisses angrily.
Your grab misses the goblin. You block the goblin's attack.
You miss the goblin. Your grab misses the goblin. You squeeze the goblin.
You kill the goblin!
Things that are here:
a +0 club {mace}; a goblin corpse You hit the frilled lizard.
You kill the frilled lizard!
A goblin comes into view. It is wielding a +0 club.
You see here a frilled lizard corpse.
The goblin hits you but does no damage.
You closely miss the goblin. You grab the goblin. You constrict the goblin.
The goblin hits you but does no damage.
You hit the goblin.
You kill the goblin!
No target in view!
No target in view!
No target in view!
No target in view!
No target in view!
No target in view!
No target in view!
No target in view!
No target in view!
No target in view!
No target in view!
No target in view!
No target in view!
No target in view!
No target in view!
No target in view!
No target in view!
There is a stone staircase leading down here.
Things that are here:
a +0 club {mace}; 20 stones {throwing}
There is an open door here.
You open the door.
A kobold comes into view.
It is wielding a +0 dagger and quivering poisoned darts.
A kobold comes into view. It is wielding a +0 mace.
Found a murky blue potion.
Found a faded altar of an unknown god.
An endoplasm comes into view.
There is an open door here.
A quokka skeleton comes into view.
The helpless endoplasm fails to defend itself.
You hit the endoplasm.
You kill the endoplasm!
The helpless kobold fails to defend itself.
You hit the kobold.
You kill the kobold!
Things that are here:
a +0 dagger {short}; 4 poisoned darts {throwing} Grinder comes into view.
Grinder blinks!
The kobold shouts!
The quokka skeleton bites you but does no damage.
There is an open door here.
You hit the quokka skeleton. You grab the quokka skeleton.
You tentacle-slap the quokka skeleton.
You destroy the quokka skeleton!
Grinder gestures at you.
You suddenly lose the ability to move!
The kobold hits you with a +0 mace.
You can move again.
HP[-2]
You take 2 damage, and now have 27/29 hp.
You barely miss the kobold. Your grab misses the kobold.
You squeeze the kobold.
You kill the kobold!
Grinder gestures at you.
You shrug off the repeated paralysis!
There is an open door here.
Things that are here:
a +0 mace {mace}; 13 gold pieces; a kobold corpse Grinder blinks!
Found a stone staircase leading down.
Grinder blinks!
Grinder gestures at you.
You barely resist.
You see here a murky blue potion.
o - a murky blue potion Grinder gestures at you.
Pain shoots through your body!
HP[-1]
You take 1 damage, and now have 26/29 hp.
Grinder barely misses you.
You hit Grinder. You grab Grinder.
You constrict Grinder, but do no damage.
Grinder gestures at you.
You suddenly lose the ability to move!
You lose your grip on Grinder.
Grinder gestures at you.
You shrug off the repeated paralysis!
Grinder gestures at you. Pain shoots through your body! Grinder hits you.
* * * LOW HITPOINT WARNING * * *
You writhe in agony.
* * * LOW HITPOINT WARNING * * *
Grinder hits you.
You die...

Skill      XL: |  1  2  3 |
---------------+----------+-----
Stealth        | 1 2 |  2.0
Fighting       | |  1.9
Dodging        | |  2.5
Unarmed Combat | |  3.8
Spellcasting   | |  2.0
Transmutations | |  2.6

Action                   |  1- 3 |  4- 6 || total
-------------------------+-------+-------++-------
Melee: Unarmed           |     8 |       ||     8
       Kick              |     3 |       ||     3
       Dagger            |    62 |    18 ||    80
       Constrict         |    17 |     5 ||    22
       Tentacles         |    15 |     3 ||    18
       Punch             |     2 |     1 ||     3
 Cast: Beastly Appendage |     6 |     1 ||     7
 Stab: Sleeping          |     7 |     6 ||    13
Armor: Skin              |    12 |     4 ||    16
Dodge: Dodged            |    39 |     1 ||    40
Block: Other             |     6 |     2 ||     8

Levels and vault maps discovered:
D:1:      dpeg_arrival_tiny_b, layout_basic, serial_shops, shop_scrolls
D:2:      layout_basic, mrwooster_statue_mirror, minivault_24,
          uniq_crazy_yiuf_cottage
D:3:      layout_basic, gammafunk_ghost_smash, basic_ecumenical_altar,
          minmay_misc_feat_hallway, uniq_grinder

Notes
Turn   | Place    | Note
-------+----------+-------------------------------------------
     0 | D:1      | zeratav the Octopode Transmuter began the quest for the
                  | Orb.
     0 | D:1      | Reached XP level 1. HP: 13/13 MP: 3/3
     0 | D:1      | magus.rc [v1.9.6]
   246 | D:1      | Reached XP level 2. HP: 18/18 MP: 3/5
   338 | D:1      | Found Ujoid's Magic Scroll Shoppe.
   497 | D:1      | Reached skill level 1 in Stealth
   525 | D:1      | You pick up a book of Debilitation and begin reading...
   525 | D:1      | You add the spells Slow, Vampiric Draining and Confusing
                  | Touch to your library.
   822 | D:2      | Reached XP level 3. HP: 19/23 MP: 6/6
  1429 | D:2      | Found a runed translucent door.
  1430 | D:2      | Noticed Crazy Yiuf
  1663 | D:2      | HP: 4/22 [Crazy Yiuf/+4 quarterstaff of chaos (11)]
  1666 | D:2      | Killed Crazy Yiuf
  1667 | D:2      | Reached skill level 2 in Stealth
  1667 | D:2      | Reached XP level 4. HP: 6/29 MP: 7/7
  2126 | D:3      | You pick up a book of Callings and begin reading...
  2126 | D:3      | You add the spells Summon Small Mammal, Call Canine
                  | Familiar and Summon Guardian Golem to your library.
  2307 | D:3      | Found a faded altar of an unknown god.
  2313 | D:3      | Noticed Grinder
  2320 | D:3      | Paralysed by Grinder for 2 turns
  2333 | D:3      | Paralysed by Grinder for 6 turns
  2336 | D:3      | HP: 5/29 [Grinder (6)]
  2337 | D:3      | Slain by Grinder

Vanquished Creatures
  Crazy Yiuf (D:2)
  An adder (D:2)
  An adder skeleton (D:2)
  A worm (D:2)
  A dart slug (D:3)
  2 bats
  3 endoplasms
  2 giant cockroaches (D:2)
  7 goblins
  3 hobgoblins
  2 jackals (D:1)
  4 kobolds
  2 quokkas
  5 ball pythons
  2 frilled lizards
  A quokka skeleton (D:3)
  2 rats (D:2)
40 creatures vanquished.

Table legend:
 A = Non-vault XP
 B = Vault XP
 C = Vault XP percentage of total XP
 D = Non-vault monster count
 E = Vault monster count
 F = Vault count percentage of total count
                 A         B        C        D         E       F
            +---------+---------+-------+---------+---------+-------
      Total |      87 |      41 |  32.0 |      39 |       1 |   2.5
            +---------+---------+-------+---------+---------+-------
        D:1 |      18 |       0 |   0.0 |      10 |       0 |   0.0
        D:2 |      46 |      41 |  47.1 |      16 |       1 |   5.9
        D:3 |      23 |       0 |   0.0 |      13 |       0 |   0.0
            +---------+---------+-------+---------+---------+-------

Illustrated notes

Table legend:
 A = Kills in this place as a percentage of kills in entire the game.
 B = Kills by you in this place as a percentage of kills by you in the entire game.
 C = Kills by friends in this place as a percentage of kills by friends in the entire game.
 D = Other kills in this place as a percentage of other kills in the entire game.
 E = Experience gained in this place as a percentage of experience gained in the entire game.
 F = Experience gained in this place divided by the number of levels of this place that you have seen.
                   A       B       C       D       E      F
               +-------+-------+-------+-------+-------+----------------------
         Total | 100.0 | 100.0 |   N/A |   N/A | 100.0 |  42.7
       Dungeon | 100.0 | 100.0 |   N/A |   N/A | 100.0 |  42.7
               +-------+-------+-------+-------+-------+----------------------

Table legend: (Time is in decaauts)
 A = Elapsed time spent in this place.
 B = Non-inter-level travel time spent in this place.
 C = Inter-level travel time spent in this place.
 D = Time resting spent in this place.
 E = Time spent auto-exploring this place.
 F = Levels seen in this place.
 G = Mean time per level.
                   A        B        C        D        E       F      G
               +--------+--------+--------+--------+--------+-----+--------+
         Total |   2334 |   2214 |    120 |    353 |   1564 |   3 |  778.0 |
       Dungeon |   2334 |   2214 |    120 |    353 |   1564 |   3 |  778.0 |
               +--------+--------+--------+--------+--------+-----+--------+

Top non-repeatable levels by time:
     D:2: 1413 daAuts
     D:1: 698 daAuts
     D:3: 222 daAuts
